Map: Efflorescence LE

Players

qqq - Winner!

  • Race: Zerg Zerg
  • League: Platinum
  • Spawn Location: 9:00

Massa - Winner!

  • Race: Terran Terran
  • League: Platinum
  • Spawn Location: 6:00

zrkn

  • Race: Zerg Zerg
  • League: Diamond
  • Spawn Location: 12:00

Cognomine

  • Race: Terran Terran
  • Spawn Location: 3:00

VOD

Have the link to the VOD?

Description

Time

  • Played on: Sept. 7, 2020, 2:42 p.m.
  • Length: 20:22
Show
View Real Time Build Order
Export as new Build Order

qqq Zerg - Winner!

Build Orders: Hatch First 

Get SALT Encoding   

  12  0:01  Drone  
  13  0:08  Drone  
  14  0:36  Hatchery  
  13  0:44  Drone  
  14  0:56  Spawning Pool  
  13  1:00  Drone  
  14  1:09  Overlord  
  14  1:13  Extractor  
  14  1:15  Drone  
  14  1:41  Drone x3  
  14  1:44  Queen  
  19  1:54  Drone  
  19  2:00  Drone  
  21  2:02  Drone  
  22  2:08  Drone  
  22  2:13  Zergling x2  
  22  2:14  Zergling x2  
  24  2:24  Zergling x2  
  24  2:25  Metabolic Boost  
  25  2:30  Zergling x2  
  27  2:37  Zergling x4  
  28  2:52  Overlord  
  28  2:53  Overlord  
  28  3:00  Baneling Nest  
  28  3:01  Zergling x2  
  28  3:12  Zergling x4  
  30  3:13  Zergling x4  
  29  3:30  Zergling x2  
  29  3:31  Drone  
  31  3:40  Zergling x2  
  32  3:42  Zergling x4  
  32  3:44  Baneling x2  
  32  3:45  Baneling  
  32  3:46  Baneling  
  34  4:03  Zergling x4  
  34  4:04  Zergling x4  
  34  4:05  Zergling x2  
  39  4:14  Drone  
  39  4:30  Zergling x2  
  39  4:31  Zergling x2  
  34  4:32  Zergling x4  
  34  4:58  Zergling x8  
  34  4:59  Zergling x2  
  39  5:06  Zergling x2  
  26  5:38  Drone  
  26  5:39  Spore Crawler  
  26  5:41  Spore Crawler  
  26  5:42  Queen  
  25  5:43  Drone x3  
  25  5:48  Zergling x2  
  25  5:49  Zergling x2  
  32  5:50  Lair  
  32  5:55  Drone  
  33  5:57  Zergling x2  
  34  6:04  Hatchery  
  34  6:10  Zergling x2  
  34  6:11  Drone  
  34  6:18  Zergling x2  
  36  6:26  Baneling  
  36  6:27  Baneling x2  
  36  6:32  Roach Warren  
  35  6:33  Drone x2  
  35  6:36  Drone x2  
  39  6:46  Zergling x2  
  40  6:48  Drone x2  
  42  6:55  Queen  
  42  6:57  Overseer  
  43  7:10  Drone, Hydralisk Den  
  43  7:19  Extractor  
  43  7:20  Drone x3  
  45  7:24  Zergling x4  
  45  7:26  Drone  
  45  7:27  Drone  
  49  7:30  Overlord  
  49  7:34  Overlord  
  49  7:36  Overlord  
  49  7:41  Spore Crawler  
  49  7:43  Drone  
  49  7:44  Spine Crawler  
  49  7:47  Queen  
  49  7:50  Muscular Augments  
  50  7:52  Hydralisk  
  52  8:07  Hydralisk  
  52  8:08  Zergling x4  
  52  8:09  Drone, Zergling x4  
  52  8:10  Drone x4, Overlord  
  52  8:11  Drone x2  
  65  8:18  Extractor  
  64  8:23  Queen  
  60  8:43  Zergling x2  
  60  8:44  Hydralisk x2, Zergling x4  
  60  8:45  Zergling x4  
  60  8:46  Drone x2  
  70  9:05  Drone  
  70  9:08  Spore Crawler  
  70  9:15  Drone x2  
  71  9:24  Hydralisk x3  
  70  9:25  Spore Crawler  
  70  9:27  Spore Crawler  
  70  9:30  Spore Crawler  
  73  9:33  Spore Crawler  
  73  9:34  Drone  
  73  9:35  Drone x2  
  73  9:36  Spore Crawler  
  74  9:39  Queen  
  74  9:40  Drone x3  
  74  9:42  Hydralisk  
  74  9:44  Overlord x2  
  81  9:50  Grooved Spines  
  81  9:55  Overlord  
  81  10:09  Hydralisk x4  
  81  10:10  Zergling x2  
  81  10:11  Zergling x2  
  91  10:23  Hydralisk x3  
  91  10:25  Drone x2  
  91  10:26  Drone  
  100  10:40  Evolution Chamber  
  99  10:44  Evolution Chamber  
  99  10:46  Hydralisk x2  
  99  10:47  Zergling x4  
  99  10:48  Zergling x2  
  105  11:07  Overlord x7  
  105  11:18  Drone  
  106  11:30  Hatchery, Drone x5  
  110  11:35  Hydralisk x2  
  110  11:38  Zerg Missile Weapons Level 1  
  114  11:44  Zerg Ground Armor Level 1  
  114  11:46  Drone, Extractor  
  114  11:48  Drone  
  114  11:49  Drone  
  116  12:01  Hydralisk  
  116  12:02  Hydralisk x3  
  116  12:04  Drone x2  
  112  12:21  Hydralisk x2  
  112  12:22  Hydralisk x3  
  112  12:24  Hydralisk x2  
  112  12:26  Drone  
  117  12:30  Spore Crawler  
  117  12:32  Spine Crawler  
  115  12:37  Drone  
  115  12:39  Drone x2  
  115  12:43  Hydralisk  
  115  12:44  Hydralisk  
  118  12:51  Hydralisk  
  122  12:53  Infestation Pit  
  122  12:54  Drone x4  
  127  13:16  Hydralisk x5  
  138  13:20  Drone x2  
  138  13:22  Spore Crawler  
  138  13:24  Spore Crawler  
  137  13:29  Pneumatized Carapace  
  98  14:14  Hydralisk x2  
  98  14:15  Hydralisk x7  
  98  14:16  Swarm Host  
  98  14:17  Drone x5  
  119  14:22  Spine Crawler  
  119  14:23  Spore Crawler  
  118  14:41  Hatchery, Hydralisk x6  
  118  14:44  Drone x2  
  118  14:45  Drone x2  
  133  14:48  Extractor  
  133  14:50  Extractor  
  131  15:05  Hydralisk  
  131  15:06  Hydralisk x4  
  119  15:35  Hydralisk x7  
  123  15:38  Zergling x12  
  139  15:54  Hatchery  
  134  16:02  Hatchery  
  131  16:14  Hydralisk  
  131  16:15  Hydralisk x5  
  131  16:17  Zergling x2  
  144  16:18  Overlord x2  
  93  16:54  Hydralisk x3  
  86  16:55  Hydralisk x3  
  86  16:57  Zergling x12  
  97  17:08  Hydralisk x2  
  97  17:10  Zerg Missile Weapons Level 2  
  99  17:15  Zerg Ground Armor Level 2  
  99  17:22  Drone x2  
  101  17:23  Drone x2  
  101  17:28  Drone x4  
  101  17:29  Drone, Hydralisk x3  
  112  17:33  Hydralisk  
  112  17:35  Zergling x2  
  117  17:37  Roach  
  117  17:38  Roach  
  114  17:58  Lurker Den  
  114  18:03  Spore Crawler  
  114  18:04  Drone x5, Spine Crawler  
  114  18:05  Drone x3  
  119  18:07  Spore Crawler  
  119  18:08  Spine Crawler, Spore Crawler  
  116  18:17  Hydralisk x7  
  116  18:18  Hydralisk, Zergling x2  
  133  18:20  Drone x4  
  137  18:37  Hydralisk x3  
  137  18:38  Drone x2  
  137  18:39  Drone, Zergling x4  
  148  18:59  Hydralisk x6  
  148  19:00  Drone  
  148  19:01  Drone x4  
  155  19:27  Hydralisk x6  
  155  19:28  Hydralisk x2  
  155  19:31  Overlord x2  
  171  19:32  Overlord x5  
Show
View Real Time Build Order
Export as new Build Order

Massa Terran - Winner!

Build Orders:  

Get SALT Encoding   

  12  0:00  SCV  
  13  0:12  SCV  
  14  0:22  Supply Depot  
  14  0:24  SCV  
  15  0:43  SCV  
  15  0:45  Barracks  
  16  0:54  Refinery  
  16  0:55  SCV  
  17  1:05  Refinery  
  17  1:07  SCV  
  18  1:20  SCV  
  19  1:32  SCV  
  21  1:45  Factory  
  20  1:53  SCV  
  21  2:00  Barracks Reactor  
  21  2:10  SCV  
  22  2:16  Command Center  
  21  2:25  Marine  
  22  2:43  Marine  
  22  2:51  SCV  
  23  2:59  Supply Depot  
  23  3:03  SCV  
  22  3:13  Hellion  
  23  3:29  Reaper  
  24  3:34  Hellion  
  23  3:58  Orbital Command  
  23  3:59  Orbital Command  
  23  4:00  Marine  
  24  4:03  Hellion  
  26  4:24  SCV  
  26  4:25  Hellion  
  26  4:28  SCV  
  30  4:36  SCV, Supply Depot  
  31  4:40  SCV  
  27  4:57  SCV x2  
  29  5:04  Hellion  
  29  5:05  Marine  
  30  5:08  Supply Depot  
  30  5:09  SCV x2  
  32  5:16  Starport  
  32  5:21  SCV  
  32  5:22  SCV  
  32  5:23  Marine  
  32  5:25  Hellion  
  37  5:29  Barracks  
  37  5:33  SCV  
  38  5:44  Engineering Bay  
  38  5:52  Viking  
  40  6:01  Armory  
  40  6:02  Marine  
  41  6:05  Widow Mine  
  43  6:20  Marine, Missile Turret x2  
  43  6:23  SCV  
  45  6:27  Widow Mine, SCV  
  48  6:33  Viking  
  48  6:36  Barracks Tech Lab  
  48  6:38  Marine  
  51  6:40  Missile Turret  
  51  6:44  Missile Turret  
  51  6:45  Missile Turret  
  51  6:48  Widow Mine  
  51  6:49  Missile Turret  
  53  6:54  Engineering Bay  
  53  6:56  Marine, Terran Infantry Weapons Level 1  
  54  7:02  Missile Turret  
  54  7:03  Medivac  
  56  7:13  Marine  
  57  7:21  Command Center  
  57  7:25  SCV x2  
  59  7:32  Marauder  
  59  7:33  Stimpack  
  59  7:35  Barracks Reactor  
  61  7:37  SCV  
  61  7:38  Factory Tech Lab  
  62  7:44  Supply Depot  
  62  7:49  Supply Depot  
  62  7:51  Supply Depot  
  62  7:52  Terran Vehicle Weapons Level 1  
  62  7:54  Terran Infantry Armor Level 1  
  62  8:06  SCV x2, Marauder  
  62  8:09  Refinery  
  66  8:56  Terran Infantry Weapons Level 2  
  66  9:00  Barracks  
  66  9:08  Barracks  
  66  9:13  Barracks  
  66  9:19  Marine x2  
  66  9:20  Siege Tank  
  71  9:27  Missile Turret  
  71  9:29  Missile Turret  
  71  9:30  SCV  
  71  9:31  SCV  
  73  9:37  Marine x2, Missile Turret  
  75  9:41  Missile Turret  
  75  9:43  SCV x2  
  75  9:44  Orbital Command  
  77  9:52  Siege Tank  
  77  9:53  Supply Depot  
  77  9:55  SCV x2  
  77  9:58  Missile Turret  
  82  10:00  Combat Shield  
  82  10:03  Viking  
  84  10:07  SCV  
  85  10:17  Supply Depot  
  85  10:18  Sensor Tower  
  85  10:20  Missile Turret  
  85  10:21  SCV x2  
  85  10:22  SCV  
  88  10:33  Refinery, SCV  
  88  10:34  SCV  
  91  10:36  Viking  
  91  10:39  Supply Depot  
  92  10:45  SCV  
  92  10:46  SCV  
  92  10:49  Orbital Command  
  94  10:58  SCV x2  
  96  11:05  Viking  
  96  11:10  SCV x2  
  100  11:13  Missile Turret  
  100  11:17  Command Center  
  100  11:19  Marauder, Concussive Shells  
  100  11:21  Thor  
  100  11:22  Marine x2  
  100  11:23  Missile Turret  
  100  11:25  Missile Turret  
  110  11:26  Smart Servos, Missile Turret  
  110  11:27  Missile Turret  
  110  11:28  Missile Turret  
  110  11:29  SCV x3  
  113  11:33  Missile Turret  
  113  11:35  Viking  
  115  11:40  Marauder, Marine x2  
  115  11:41  SCV x2  
  121  11:54  Missile Turret  
  121  11:59  SCV x3  
  124  12:11  SCV  
  124  12:12  Command Center  
  125  12:28  SCV x3, Thor  
  125  12:29  Marauder  
  136  12:37  Supply Depot  
  136  12:38  Supply Depot  
  136  12:41  Refinery  
  136  12:50  Barracks Reactor x2, Marauder  
  136  12:51  Barracks Tech Lab  
  138  13:00  Supply Depot  
  138  13:01  Viking  
  138  13:02  Supply Depot  
  140  13:11  Thor  
  146  13:19  Missile Turret  
  146  13:20  Missile Turret  
  146  13:25  SCV, Supply Depot x2  
  146  13:26  SCV x2  
  149  13:27  Planetary Fortress  
  149  13:31  Viking  
  151  13:37  SCV  
  151  13:38  SCV x2  
  151  13:40  Missile Turret x2  
  154  13:46  Refinery  
  154  13:48  Supply Depot  
  154  13:49  SCV  
  154  13:50  SCV x2, Supply Depot  
  157  13:57  Thor  
  157  13:58  Refinery  
  157  14:00  Missile Turret  
  157  14:01  Viking  
  157  14:02  SCV, Missile Turret  
  166  14:11  Factory  
  166  14:12  Supply Depot  
  166  14:15  Supply Depot  
  166  14:17  Factory  
  166  14:20  SCV x2  
  166  14:21  SCV x2  
  166  14:22  Factory  
  166  14:23  Missile Turret  
  170  14:25  Missile Turret  
  170  14:36  Supply Depot  
  170  14:40  Thor  
  172  14:53  Marauder x2, Marine  
  172  14:54  Marine x5  
  180  15:02  Factory Tech Lab x2  
  180  15:06  Factory Tech Lab  
  179  15:11  Marine  
  179  15:12  Marine x5  
  167  15:14  Marauder  
  167  15:15  Marauder  
  152  15:23  Thor  
  140  15:29  Marine x6  
  138  15:36  Marauder x2  
  138  15:41  Thor  
  138  15:42  Thor x2  
  152  15:47  Marine x6  
  158  15:52  SCV  
  158  15:53  SCV x4  
  161  15:57  Marauder, Marine  
  164  16:04  SCV, Marine  
  164  16:05  SCV x4, Marine x5  
  164  16:06  Thor  
  164  16:07  Infernal Pre-Igniter  
  164  16:09  Drilling Claws  
  180  16:15  Marine  
  180  16:17  SCV  
  180  16:18  Marine  
  182  16:19  Orbital Command, Missile Turret  
  182  16:22  Marine  
  182  16:24  Thor x2  
  188  16:36  Thor  
  188  16:47  SCV  
  188  16:49  SCV x3, Thor  
  198  16:54  Command Center  
  198  17:00  SCV  
  199  17:01  SCV  
  199  17:02  Missile Turret  
  199  17:04  Missile Turret  
  200  17:22  Missile Turret  
  200  17:24  Missile Turret  
  147  17:42  Missile Turret  
  121  17:45  Thor x3, Missile Turret  
  121  17:46  Thor  
  121  17:47  Marine  
  121  17:48  Marine x7  
  141  17:54  Refinery  
  141  18:02  Missile Turret  
  141  18:04  Missile Turret  
  141  18:05  Refinery, Marine  
  141  18:06  Marine x7  
  141  18:07  Refinery  
  148  18:23  Marine  
  148  18:24  Marine x7  
  156  18:28  Thor x3  
  174  18:35  Hi-Sec Auto Tracking, Neosteel Armor  
  174  18:40  Armory  
  174  18:41  Marine x2  
  176  18:48  Thor  
  182  18:58  Command Center  
  182  19:00  Command Center  
  182  19:08  Orbital Command  
  179  19:34  Thor x3  
  197  19:47  Viking  
Show
View Real Time Build Order
Export as new Build Order

zrkn Zerg 

Build Orders: Pool First, Brood Lord Corruptor 

Get SALT Encoding   

  12  0:00  Drone  
  13  0:15  Drone  
  14  0:31  Spawning Pool  
  14  0:34  Extractor  
  14  0:35  Drone  
  13  0:39  Drone  
  14  1:00  Overlord  
  14  1:19  Zergling x6  
  14  1:21  Queen  
  19  1:31  Zergling x2  
  20  1:40  Metabolic Boost  
  20  1:44  Zergling x2  
  21  1:52  Zergling x2  
  22  2:03  Overlord  
  22  2:23  Hatchery  
  21  2:48  Drone  
  21  2:49  Drone  
  21  2:51  Drone x3, Baneling Nest  
  25  3:06  Drone  
  26  3:19  Zergling x2  
  24  3:20  Zergling x6  
  24  3:39  Baneling x5  
  24  3:41  Zergling x6  
  25  3:43  Queen  
  25  3:47  Overlord  
  29  4:05  Drone x5  
  31  4:37  Zergling x12  
  12  5:04  Drone x5  
  9  5:10  Baneling x3  
  6  5:32  Drone  
  6  5:33  Drone  
  7  5:49  Drone  
  12  5:50  Drone x6  
  12  5:51  Queen x2  
  18  6:16  Drone x3  
  18  6:17  Drone  
  22  6:28  Drone x2  
  24  6:34  Drone x2  
  24  6:35  Lair  
  26  6:48  Drone x2  
  26  6:52  Drone  
  29  7:09  Drone x3, Extractor  
  29  7:13  Drone x3  
  29  7:14  Drone x2  
  36  7:53  Hatchery  
  35  8:02  Spire  
  34  8:06  Zergling x2  
  34  8:07  Zergling x16  
  43  8:13  Extractor  
  43  8:14  Overlord x2  
  43  8:15  Extractor  
  43  8:16  Spore Crawler  
  40  8:21  Spore Crawler  
  40  8:24  Drone  
  40  8:25  Drone x2  
  40  8:26  Drone  
  43  8:42  Drone x2  
  43  8:43  Drone  
  46  8:58  Infestation Pit  
  45  9:06  Drone x4  
  45  9:07  Drone x2  
  51  9:13  Queen  
  51  9:14  Drone  
  54  9:30  Drone x3  
  57  9:36  Overlord x2  
  57  9:41  Extractor  
  57  9:43  Hive  
  56  9:48  Overlord  
  56  9:49  Overlord  
  56  9:55  Drone x3  
  59  10:09  Corruptor x3  
  59  10:10  Corruptor x3  
  71  10:21  Baneling x2  
  71  10:24  Hatchery  
  71  10:25  Drone x6  
  76  10:31  Drone  
  76  10:32  Drone x4  
  81  10:44  Spire, Corruptor  
  79  10:58  Corruptor x3  
  79  11:04  Greater Spire  
  77  11:12  Baneling  
  77  11:13  Baneling x2  
  77  11:21  Corruptor x2  
  81  11:28  Drone x2  
  81  11:30  Overlord x2  
  83  11:33  Overseer  
  83  11:40  Queen  
  83  11:42  Drone x3  
  88  11:56  Corruptor x2  
  88  12:01  Drone x3  
  95  12:03  Overlord  
  95  12:19  Brood Lord x3  
  101  12:23  Corruptor  
  103  12:31  Extractor  
  103  12:33  Extractor  
  101  12:37  Zerg Flyer Weapons Level 1  
  101  12:40  Brood Lord  
  103  12:53  Corruptor  
  105  13:06  Overlord  
  105  13:07  Overlord x2  
  105  13:13  Spine Crawler  
  105  13:17  Spine Crawler  
  105  13:19  Spine Crawler  
  102  13:21  Brood Lord  
  102  13:23  Overlord x2  
  102  13:24  Overlord  
  104  13:28  Hatchery  
  93  13:51  Brood Lord  
  95  13:57  Corruptor x3  
  95  14:01  Brood Lord  
  103  14:04  Brood Lord  
  105  14:19  Zerg Flyer Armor Level 1  
  105  14:24  Drone x3  
  105  14:25  Extractor, Drone x3  
  105  14:26  Queen  
  112  14:47  Zergling x8  
  112  14:49  Drone x3  
  119  14:55  Hatchery  
  118  15:01  Queen  
  90  15:31  Corruptor x4  
  90  15:40  Brood Lord x4  
  90  15:41  Brood Lord  
  82  16:13  Brood Lord x2  
  82  16:17  Zergling x16  
  82  16:18  Zergling x8  
  76  16:46  Zergling x2  
  68  16:47  Zergling x20  
  69  16:56  Baneling x3  
  69  16:58  Baneling x2  
  62  17:03  Queen  
  64  17:23  Corruptor x2  
  53  17:56  Brood Lord  
  55  18:01  Brood Lord  
  55  18:02  Hatchery  
  55  18:04  Baneling  
  55  18:05  Baneling  
  56  18:10  Drone  
  53  18:30  Baneling x8  
  53  18:31  Baneling x3  
  45  18:48  Centrifical Hooks  
  45  18:54  Corruptor x3  
  45  18:55  Corruptor  
  52  19:04  Drone x5  
  55  19:25  Hatchery  
  55  19:26  Brood Lord x3  
  60  19:36  Hatchery  
  60  19:38  Zergling x8  
  60  19:39  Zergling x6  
  56  19:57  Extractor  
  56  20:00  Baneling  
  56  20:01  Baneling x2  
Show
View Real Time Build Order
Export as new Build Order

Cognomine Terran 

Build Orders: Gas First Reaper Expand 

Get SALT Encoding   

  12  0:00  SCV  
  13  0:12  SCV  
  14  0:20  Supply Depot  
  14  0:24  SCV  
  15  0:33  Refinery  
  15  0:43  Barracks  
  15  0:56  SCV  
  16  1:09  SCV  
  17  1:21  SCV  
  18  1:32  Command Center  
  18  1:35  Reaper  
  19  1:47  Orbital Command  
  19  1:56  Supply Depot  
  18  2:21  Refinery  
  19  2:30  Reaper  
  19  2:34  SCV, Factory  
  20  2:46  SCV  
  20  2:48  Orbital Command  
  21  2:58  SCV  
  21  3:02  Reaper  
  23  3:11  SCV  
  24  3:22  Factory Reactor  
  24  3:23  Starport, SCV, Factory Tech Lab  
  25  3:28  SCV  
  26  3:35  SCV  
  26  3:40  SCV  
  27  3:52  SCV  
  27  3:55  Siege Tank  
  31  3:57  Marine  
  30  4:02  Starport  
  30  4:04  Starport Tech Lab  
  30  4:13  SCV  
  31  4:25  SCV  
  31  4:28  Banshee  
  35  4:37  SCV  
  36  4:45  Starport Tech Lab  
  36  4:47  Cyclone  
  36  4:49  SCV  
  40  5:01  SCV  
  40  5:04  Marine  
  39  5:22  Marine  
  39  5:36  Banshee x2  
  45  5:55  SCV  
  45  5:56  Refinery, SCV  
  47  5:58  Refinery  
  47  6:02  Cyclone  
  50  6:08  SCV x2  
  52  6:19  Banshee  
  52  6:20  SCV  
  52  6:21  SCV  
  57  6:27  Fusion Core  
  57  6:33  SCV  
  57  6:38  Cloaking Field  
  58  6:45  SCV x2  
  60  6:57  SCV x2  
  62  7:24  Supply Depot  
  62  7:25  Supply Depot  
  62  7:26  Supply Depot x2  
  62  7:28  Supply Depot x2  
  62  7:33  Command Center  
  62  7:41  Starport  
  62  7:45  SCV x2  
  62  7:46  Battlecruiser x2  
  76  7:58  SCV  
  77  8:02  Hyperflight Rotors  
  68  8:50  Battlecruiser  
  68  8:51  Battlecruiser  
  68  8:55  Orbital Command  
  77  9:02  Starport Tech Lab  
  77  9:08  Armory  
  77  9:10  Armory  
  77  9:26  Orbital Command  
  77  9:30  SCV  
  79  9:31  SCV  
  79  9:35  Battlecruiser  
  85  9:43  SCV x2  
  87  9:55  SCV x2  
  87  9:56  SCV  
  90  10:04  Battlecruiser  
  96  10:07  SCV x2  
  96  10:08  SCV  
  99  10:19  SCV x2  
  99  10:20  SCV  
  102  10:31  SCV x2  
  102  10:32  Refinery, SCV  
  102  10:33  Refinery  
  105  10:39  Command Center  
  105  10:43  SCV, Battlecruiser  
  105  10:44  SCV x2  
  105  10:46  Terran Ship Weapons Level 1  
  105  10:48  Terran Vehicle And Ship Armor Level 1  
  114  10:56  SCV  
  115  11:05  Hellion  
  117  11:23  Battlecruiser  
  123  11:26  Hellion  
  125  11:33  Command Center  
  125  11:38  Battlecruiser  
  131  11:41  Weapon Refit  
  131  11:45  Supply Depot  
  131  11:46  Supply Depot  
  131  11:48  Hellion, Supply Depot x2  
  131  11:49  Supply Depot  
  133  11:55  Orbital Command  
  132  12:09  Hellion, Supply Depot x2  
  132  12:11  Supply Depot  
  132  12:13  Supply Depot  
  122  12:27  Battlecruiser  
  122  12:29  Raven  
  130  12:30  Corvid Reactor  
  130  12:31  Hellion  
  132  12:41  Refinery  
  132  12:44  Terran Vehicle And Ship Armor Level 2, Terran Ship Weapons Level 2, Engineering Bay  
  132  12:46  Refinery  
  132  12:52  Hellion  
  134  13:13  Hellion  
  134  13:16  Raven  
  134  13:19  Battlecruiser  
  144  13:35  Hellion  
  146  13:44  Command Center  
  136  13:56  Hellion  
  130  14:17  Hellion  
  130  14:21  Raven x2  
  130  14:23  Battlecruiser  
  142  14:35  Starport  
  142  14:36  Starport  
  142  14:37  Starport x2  
  139  15:05  Battlecruiser x2  
  96  15:32  Battlecruiser  
  101  15:45  Starport Tech Lab x2  
  101  15:49  Starport Tech Lab  
  99  16:09  Battlecruiser x2  
  117  16:32  Battlecruiser  
  117  16:33  Battlecruiser x2  
  129  16:46  Terran Ship Weapons Level 3  
  129  17:11  Planetary Fortress  
  82  17:50  Battlecruiser  
  82  18:05  Refinery  
  82  18:10  Refinery  
  88  18:41  Battlecruiser  
  88  19:37  SCV  
  107  19:50  SCV  
Tags
 
Add a new tag
Caveats
  • Supply blocks, unpowered buildings, or Contaminate may cause inaccurate times.
  • Supply counts are checked every 10 seconds.